Map: Acid Plant LE

Players

Clem

  • Race: Terran Terran
  • Spawn Location: 5:00

Has - Winner!

  • Race: Protoss Protoss
  • Spawn Location: 11:00

Event: WCS Montreal 2018

VOD

Have the link to the VOD?

Description

Time

  • Played on: Sept. 7, 2018, 6:48 p.m.
  • Length: 7:48

All games in this series

Show
View Real Time Build Order
Export as new Build Order

Clem Terran 

Build Orders: Cyclone Opening 

Get SALT Encoding   

  12  0:00  SCV  
  13  0:12  SCV  
  14  0:17  Supply Depot  
  14  0:24  SCV  
  15  0:38  SCV  
  15  0:39  Barracks  
  16  0:46  Refinery  
  16  0:50  SCV  
  17  1:02  SCV  
  18  1:15  SCV  
  19  1:26  Marine  
  19  1:27  Orbital Command  
  19  1:30  Supply Depot  
  20  1:34  Bunker  
  20  1:44  Marine  
  20  1:46  Factory  
  21  1:53  SCV  
  22  2:01  Marine  
  22  2:05  SCV  
  24  2:19  Marine  
  25  2:25  SCV  
  25  2:26  Supply Depot  
  26  2:32  Factory Tech Lab  
  26  2:37  SCV, Marine  
  26  2:40  Barracks  
  28  2:49  SCV  
  27  2:52  Cyclone  
  27  2:55  Marine  
  30  3:01  SCV  
  30  3:13  Marine  
  30  3:16  Command Center  
  31  3:21  Supply Depot  
  31  3:30  Marine  
  31  3:31  Siege Tank, Marine  
  36  3:36  SCV  
  36  3:47  Marine  
  36  3:48  SCV, Marine  
  36  3:51  Engineering Bay  
  37  4:02  SCV  
  38  4:05  Marine, Refinery  
  38  4:06  Marine  
  38  4:08  Siege Tank  
  43  4:18  Bunker  
  43  4:22  Missile Turret  
  43  4:23  Marine  
  44  4:25  Marine  
  44  4:27  SCV  
  45  4:36  Orbital Command  
  45  4:41  Marine  
  45  4:42  SCV  
  47  4:50  Siege Tank  
  49  4:58  Marine  
  50  5:00  SCV  
  50  5:01  Bunker  
  50  5:06  Marine  
  52  5:10  Orbital Command  
  52  5:12  Starport  
  52  5:17  SCV  
  52  5:19  Marine  
  54  5:23  Siege Tank  
  57  5:31  SCV  
  58  5:38  Marine x2  
  60  5:43  SCV x2, Supply Depot  
  62  5:58  Barracks Tech Lab  
  62  5:59  Barracks Reactor  
  62  6:02  Supply Depot  
  62  6:05  SCV x2  
  62  6:06  Starport Reactor  
  62  6:09  Factory Reactor  
  64  6:16  Supply Depot  
  64  6:17  SCV x2  
  66  6:19  Marine  
  67  6:29  SCV x2  
  66  6:35  Supply Depot  
  66  6:36  Marine x2  
  67  6:41  SCV x2  
  67  6:43  Missile Turret  
  66  6:53  SCV x2, Marine  
  66  6:54  Marine  
  68  6:56  Marine  
  58  7:05  SCV x2  
  52  7:11  Marine  
  52  7:12  Marine  
  52  7:14  Marine  
  50  7:17  SCV x2  
  51  7:28  Marine  
  51  7:29  SCV x2, Marine  
Show
View Real Time Build Order
Export as new Build Order

Has Protoss - Winner!

Build Orders: Oracle Opening, Phoenix Opening 

Get SALT Encoding   

  12  0:00  Probe  
  13  0:13  Pylon  
  13  0:18  Probe  
  14  0:31  Gateway  
  14  0:34  Probe  
  15  0:42  Assimilator  
  15  0:46  Probe  
  16  0:51  Assimilator  
  16  0:58  Probe  
  16  1:02  Pylon  
  17  1:10  Probe  
  18  1:19  Cybernetics Core  
  18  1:22  Probe  
  19  1:32  Assimilator  
  19  1:35  Probe  
  20  1:47  Adept  
  20  1:50  Pylon  
  20  2:00  Stargate  
  22  2:04  Warp Gate  
  22  2:07  Probe  
  23  2:15  Adept  
  25  2:19  Probe  
  26  2:31  Probe  
  26  2:35  Oracle  
  30  2:53  Probe  
  30  3:05  Phoenix  
  30  3:17  Pylon  
  31  3:23  Nexus  
  31  3:35  Phoenix  
  33  3:46  Gateway  
  33  3:51  Gateway  
  33  3:56  Pylon  
  33  3:57  Phoenix  
  36  4:16  Twilight Council  
  35  4:17  Probe  
  36  4:27  Resonating Glaives  
  36  4:28  Phoenix  
  38  4:36  Probe x2  
  40  4:52  Adept x2  
  42  4:53  Adept  
  42  4:58  Probe  
  47  5:06  Gateway  
  47  5:12  Gateway  
  47  5:21  Adept x2  
  47  5:24  Adept  
  53  5:29  Probe x2  
  55  5:44  Probe  
  55  5:46  Adept x3  
  62  5:53  Pylon  
  62  6:04  Pylon  
  63  6:13  Pylon, Adept x3  
  63  6:15  Adept  
  63  6:18  Pylon  
  70  6:23  Probe  
  71  6:35  Adept x3, Probe  
  71  6:36  Adept  
  71  6:38  Adept  
  82  6:50  Probe  
  82  6:51  Probe  
  84  7:00  Adept x3  
  84  7:01  Adept x2  
  74  7:15  Pylon  
  74  7:19  Probe x2  
  76  7:29  Adept  
  72  7:30  Adept x4  
  72  7:43  Nexus  
Tags
 
Add a new tag
Caveats
  • Supply blocks, unpowered buildings, or Contaminate may cause inaccurate times.
  • Supply counts are checked every 10 seconds.